 Dungeon Crawl Stone Soup version 0.28.0-53-g5a82cb258f (webtiles) character file.

Game seed: 9487479057233964620

84 Gabide the Skirmisher (level 4, -4/40 HPs)
             Began as a Draconian Monk on June 14, 2022.
             Was a Believer of Makhleb.
             Slain by an orc priest
             ... wielding a +0 flail
              (6 damage)
             ... on level 3 of the Dungeon.
             The game lasted 00:01:56 (2562 turns).

Gabide the Skirmisher (Draconian Monk)              Turns: 2562, Time: 00:01:57

Health: -4/40      AC:  5    Str: 13    XL:     4   Next: 24%
Magic:  4/4        EV: 13    Int: 11    God:    Makhleb [**....]
Gold:   132        SH:  0    Dex: 15    Spells: 3/3 levels left

rFire   . . .      SeeInvis .     - Unarmed
rCold   . . .      Faith    .   (no shield)
rNeg    . . .      Spirit   .   (armour unavailable)
rPois   .          Reflect  .   (helmet restricted)
rElec   .          Harm     .   (no cloak)
rCorr   .          Rampage  .   (no gloves)
Will    .....                   (no boots)
Stlth   ++........              (no amulet)
HPRegen 0.13/turn               (no ring)
MPRegen 0.09/turn               (no ring)

@: no status effects
A: AC +5, unfitting armour, cold-blooded
a: Renounce Religion, Minor Destruction


You were on level 3 of the Dungeon.
You worshipped Makhleb.
Makhleb was pleased with you.
You visited 1 branch of the dungeon, and saw 3 of its levels.

You collected 132 gold pieces.

Inventory:

Missiles
 d - a throwing net
Wands
 f - a wand of mindburst (8) (quivered)
Scrolls
 a - a scroll of fear
 b - a scroll of vulnerability {unknown}
 c - a scroll of silence {unknown}
 h - a scroll of magic mapping {unknown}
 i - a scroll of torment {unknown}
Potions
 e - a potion of haste


   Skills:
 + Level 4.2 Fighting
 + Level 3.4 Dodging
 - Level 1.7 Stealth
 + Level 3.8 Unarmed Combat


You had 3 spell levels left.
You didn't know any spells.
Your spell library contained the following spells:

 Spells                   Type           Power      Damage    Failure   Level
 Ozocubu's Armour         Ice            0%         N/A       71%         3
 Ozocubu's Refrigeration  Ice            0%         4d5       100%        7


Dungeon Overview and Level Annotations

Branches:
Dungeon (3/15)

Altars:
Makhleb

Shops:
D:3 *


Innate Abilities, Weirdness & Mutations

Your plain brown scales are hard. (AC +5)
You cannot fit into any form of body armour.
You are cold-blooded and may be slowed by cold attacks.


Message History

You bump into the rock wall.
The orc wizard hits you but does no damage.
You bump into the rock wall.
You bump into the rock wall.
The orc wizard misses you. The orc hits you but does no damage.
You're too confused to move!
The orc wizard misses you. The orc completely misses you.
You bump into the rock wall.
You feel less confused. The orc wizard closely misses you.
The orc hits you with a +0 hand axe.
You closely miss the orc wizard. You tail-slap the orc wizard.
The orc wizard is almost dead.
You hit the orc but do no damage. You closely miss the orc.
Your tail-slap misses the orc.
The orc hits you with a +0 hand axe.
You hit the orc. You tail-slap the orc.
You kill the orc!
Makhleb accepts your kill.
You feel better.
You hit the orc priest but do no damage.
The orc priest misses you.
You hit the orc priest but do no damage.
The orc priest mumbles some strange prayers to Beogh against you.
Pain shoots through your body!
* * * LOW HITPOINT WARNING * * *
The orc wizard casts a spell.
The orc wizard flickers and vanishes!
Deactivating autopickup; reactivate with Ctrl-A.
Aiming: Minor Destruction (22% risk of failure)
Press: ? - help, Shift-Dir - straight line, f - orc priest
Aim: an orc priest, wielding a +0 flail and wearing a +0 leather armour You fail to use your ability.
The orc priest hits you with a +0 flail!
* * * LOW HITPOINT WARNING * * *
Aiming: Minor Destruction (22% risk of failure)
Press: ? - help, Shift-Dir - straight line, f/p - orc priest
Aim: an orc priest, wielding a +0 flail and wearing a +0 leather armour You fail to use your ability.
The orc priest hits you with a +0 flail.
You die...

#### #.# .# (..# #.# #.#
##.###.########.#
#..............#
#####.#######..# #.# #..#
#.# #..# #
######.#######..#####.####
................@o{......#
.......###......##.######
######.# #.####.##.# . ..#
#.# #.##.# # ####
#.####.##.# # #......##.#
### ######.##.# ... #.##.#
#### ≈≈≈≈≈#


You could see an orc priest.

Vanquished Creatures
  A hound zombie (D:3)
  An adder (D:3)
  A dart slug (D:1)
  An orc (D:3)
  5 bats
  3 endoplasms (D:1)
  A giant cockroach (D:1)
  4 goblins
  3 hobgoblins (D:1)
  5 jackals
  5 kobolds
  4 quokkas
  6 ball pythons
  A ball python zombie (D:3)
  8 frilled lizards
  8 rats
57 creatures vanquished.

Vanquished Creatures (others)
  A withered plant (D:3)
1 creature vanquished.

Grand Total: 58 creatures vanquished

Notes
Turn   | Place    | Note
-------+----------+-------------------------------------------
     0 | D:1      | Gabide the Draconian Monk began the quest for the Orb.
     0 | D:1      | Reached XP level 1. HP: 19/19 MP: 1/1
   464 | D:1      | Reached XP level 2. HP: 26/26 MP: 2/2
  1083 | D:1      | Reached XP level 3. HP: 32/33 MP: 3/3
  1998 | D:2      | Reached skill level 4 in Fighting
  2174 | D:3      | Reached XP level 4. HP: 40/40 MP: 4/4
  2206 | D:3      | Found a faded altar of an unknown god.
  2231 | D:3      | Prayed at the altar of an unknown god.
  2231 | D:3      | Became a worshipper of Makhleb the Destroyer
  2231 | D:3      | Reached * piety under Makhleb
  2231 | D:3      | Reached ** piety under Makhleb
  2527 | D:3      | Found Gozag's Platinum Reserve.
  2561 | D:3      | HP: 2/40 [orc priest/+0 flail (8)]
  2562 | D:3      | Slain by an orc priest

Illustrated notes

Levels and vault maps discovered:
D:1:      minmay_arrival_widening_spiral_wide, layout_loops_ring,
          hangedman_feature_mirror, chequers_mini_garden
D:2:      layout_basic, chequers_serial_rivers_marsh, grunt_decor_resistance
D:3:      layout_basic, nicolae_gozag_zags_fifth_avenue, serial_undead,
          serial_undead_a, serial_undead_b, serial_undead_e, serial_undead_f,
          ebering_ecumenical_altar_ruins, hangedman_decor_peaks_small

Skill      XL: |  1  2  3 |
---------------+----------+-----
Dodging        | 3 |  3.4
Fighting       | 4 |  4.2
Stealth        | |  1.7
Unarmed Combat | |  3.8

Action                   |  1- 3 |  4- 6 || total
-------------------------+-------+-------++-------
Melee: Unarmed           |   161 |    44 ||   205
       Tailslap          |    23 |     6 ||    29
       Punch             |     3 |       ||     3
Evoke: Wand              |       |     1 ||     1
  Use: Scroll            |     2 |       ||     2
 Stab: Sleeping          |     4 |     2 ||     6
Armor: Skin              |    48 |    10 ||    58
Dodge: Dodged            |    93 |    24 ||   117
